 Dungeon Crawl Stone Soup version 0.30.1-3-gfc49f6343a (webtiles) character file.

Game seed: 11959313316259569983

108 BillyBaka the Shooter (level 4, 0/34 HPs)
             Began as a Mummy Hunter on July 31, 2023.
             Killed from afar by Natasha (8 damage)
             ... with a magic dart
             ... on level 3 of the Dungeon.
             The game lasted 00:08:21 (1443 turns).

BillyBaka the Shooter (Mummy Hunter)                Turns: 1443, Time: 00:08:22

Health: 0/34       AC:  4    Str: 14    XL:     4   Next: 58%
Magic:  4/4        EV: 12    Int:  8    God:
Gold:   77         SH:  0    Dex: 17    Spells: 3/3 levels left

rFire   x . .        a - +0 shortbow
rCold   + . .        (shield currently unavailable)
rNeg    + + +        c - +0 leather armour
rPois   ∞            (no helmet)
rElec   .            (no cloak)
rCorr   .            (no gloves)
SInv    .            m - +0 pair of boots
Will    .....        (no amulet)
Stlth   ++           (no ring)
HPRegen 0.25/turn    (no ring)
MPRegen 0.09/turn

%: faith
@: slowed, very slow
A: cold resistance 1, negative energy resistance 3, torment resistance 2, heat
vulnerability 1, in touch with death 1, no potions, faith
a: no special abilities


You were on level 3 of the Dungeon.
You visited 1 branch of the dungeon, and saw 3 of its levels.

You collected 77 gold pieces.

Inventory:

Hand Weapons
 a - a +0 shortbow (weapon)
 b - a +0 dagger of speed
Armour
 c - a +0 leather armour (worn)
 m - a +0 pair of boots (worn)
Scrolls
 d - a scroll of enchant weapon {unknown}
 e - a scroll of identify
 f - a scroll of fear
 g - a scroll of magic mapping {unknown}
 h - a scroll of acquirement {unknown}
 i - a scroll of blinking {unknown}
 j - a scroll of enchant armour {unknown}
 k - 3 scrolls of immolation
 l - a scroll of poison {unknown}


   Skills:
 + Level 2.8 Fighting
 + Level 3.7 Ranged Weapons
 + Level 1.0 Armour
 + Level 2.3 Dodging
 + Level 1.8 Stealth


You had 3 spell levels left.
You didn't know any spells.
Your spell library contained the following spells:

 Spells                   Type           Power      Damage    Failure   Level
 Ensorcelled Hibernation  Hex/Ice        0%         N/A       63%         2
 Passwall                 Tmut/Erth      0%         N/A       63%         2
 Swiftness                Air            0%         N/A       85%         3


Dungeon Overview and Level Annotations

Branches:
Dungeon (3/15)

Altars:

Annotations:
D:3 Natasha


Innate Abilities, Weirdness & Mutations

You are immune to poison.
Your flesh is cold resistant. (rC+)
You are immune to negative energy. (rN+++)
You are immune to unholy pain and torment.
You are vulnerable to heat. (rF-)
You are in touch with the powers of death.
You do not drink.
You have a special connection with the divine. (Faith)


Message History

Natasha claws you!
* * * LOW HITPOINT WARNING * * *
Natasha claws you but does no damage.
Okay, then.
Okay, then.
As you read the scroll labelled EPREIM DACECLAGA, it crumbles to dust.
It is a scroll of identify.
f - 2 scrolls of fear Natasha barely misses you.
As you read the scroll of fear, it crumbles to dust.
You assume a fearsome visage.
Natasha looks frightened!
You are too injured to fight recklessly!
Fire: a) +0 shortbow
Press: ? - help, Q - select action Shift-Dir - straight line, f/p - Natasha
Aim: Natasha (moderately wounded, fleeing, 55% to hit)
You shoot an arrow.
The arrow hits Natasha but does no damage.
Your attack snaps Natasha out of her fear.
Natasha is moderately wounded.
Natasha misses you.
Fire: a) +0 shortbow
Press: ? - help, Q - select action Shift-Dir - straight line, f/p - Natasha
Aim: Natasha (moderately wounded, 55% to hit)
You shoot an arrow. The arrow barely misses Natasha.
Natasha claws you but does no damage. Natasha claws you.
* * * LOW HITPOINT WARNING * * *
Fire: a) +0 shortbow
Press: ? - help, Q - select action Shift-Dir - straight line, f/p - Natasha
Aim: Natasha (moderately wounded, 55% to hit)
You shoot an arrow. The arrow hits Natasha!
Natasha is severely wounded.
Natasha closely misses you. Natasha barely misses you.
Fire: a) +0 shortbow
Press: ? - help, Q - select action Shift-Dir - straight line, f/p - Natasha
Aim: Natasha (severely wounded, 55% to hit)
You shoot an arrow. The arrow hits Natasha.
Natasha is almost dead.
Natasha casts a spell at you. The magic dart hits you!
You die...

########################
.~~≈≈≈≈≈≈≈≈≈≈≈≈≈≈≈≈≈≈≈≈≈
.~~~≈≈≈≈≈≈≈≈≈≈≈≈≈≈≈≈≈~≈≈
..~≈~~~~≈~~~~~~~~≈~~≈~~≈
(~.~~~~.~~~~.~~..~~~~~.~
...(....................
................@h......
#####..###############..
.......(.........
#########.......#
#†......# #<......#
#########


You could see Natasha.

Vanquished Creatures
  Natasha (D:3)
  3 adders (D:2)
  5 endoplasms
  A giant cockroach (D:1)
  5 goblins
  7 hobgoblins
  4 jackals (D:2)
  3 quokkas
  7 ball pythons
  2 bats
  A frilled lizard (D:1)
  8 kobolds
  2 rats
49 creatures vanquished.

Notes
Turn   | Place    | Note
-------+----------+-------------------------------------------
     0 | D:1      | BillyBaka the Mummy Hunter began the quest for the Orb.
     0 | D:1      | Reached XP level 1. HP: 16/16 MP: 1/1
   168 | D:1      | Reached skill level 1 in Stealth
   207 | D:1      | Found a faded altar of an unknown god.
   417 | D:1      | Reached XP level 2. HP: 22/22 MP: 2/2
   765 | D:2      | Gained mutation: You are in touch with the powers of death.
                  | [Mummy growth]
   765 | D:2      | Reached XP level 3. HP: 28/28 MP: 3/3
  1170 | D:2      | Reached XP level 4. HP: 34/34 MP: 4/4
  1367 | D:3      | Noticed Natasha
  1373 | D:3      | Killed Natasha
  1374 | D:3      | Reached skill level 1 in Armour
  1425 | D:3      | Noticed Natasha
  1443 | D:3      | Killed from afar by Natasha

Illustrated notes

Levels and vault maps discovered:
D:1:      lightli_arrival_windingriver, layout_loops_ring,
          chequers_ecumenical_altar_simple, minmay_pentomino_p2
D:2:      layout_basic, minmay_goblin_kobold_house
D:3:      minmay_goblin_kobold_castle, layout_basic, minivault_5,
          saegor_snake_ambush, uniq_natasha

Skill      XL: |  1  2  3  4 |
---------------+-------------+-----
Stealth        | 1 |  1.8
Dodging        | 2 |  2.3
Armour         | 1 |  1.0
Fighting       | |  2.8
Ranged Weapons | |  3.7

Action                     |  1- 3 |  4- 6 || total
---------------------------+-------+-------++-------
   Fire: Shortbow          |   105 |    51 ||   156
    Use: Scroll            |       |     2 ||     2
 Armour: Leather armour    |    23 |    15 ||    38
  Dodge: Dodged            |    38 |    25 ||    63
